 Dungeon Crawl Stone Soup version 0.28.0 (webtiles) character file.

Game seed: 8797048161282839081

2 psuckher the Skirmisher (level 1, -4/23 HPs)
             Began as a Gnoll Wanderer on Feb 16, 2022.
             Killed from afar by a dart slug (6 damage)
             ... with a slug dart
             ... on level 1 of the Dungeon.
             The game lasted 00:01:06 (121 turns).

psuckher the Skirmisher (Gnoll Wanderer)             Turns: 121, Time: 00:01:06

Health: -4/23      AC:  3    Str: 13    XL:     1   Next: 40%
Magic:  6/6        EV: 10    Int: 11    God:
Gold:   0          SH:  3    Dex:  9    Spells: 9/9 levels left

rFire   . . .      SeeInvis .   a - +0 club
rCold   . . .      Faith    .   d - +0 buckler
rNeg    . . .      Spirit   .   b - +0 leather armour
rPois   .          Reflect  .   (no helmet)
rElec   .          Harm     .   (no cloak)
rCorr   .          Rampage  .   (no gloves)
Will    .....                   (no boots)
Stlth   +.........              (no amulet)
HPRegen 0.07/turn               (no ring)
MPRegen 0.10/turn               (no ring)

@: no status effects
A: fangs 1, strong nose, distributed training
a: no special abilities


You were on level 1 of the Dungeon.
You visited 1 branch of the dungeon, and saw 1 of its levels.

Inventory:

Hand Weapons
 a - a +0 club (weapon)
Armour
 b - a +0 leather armour (worn)
 d - a +0 buckler (worn)
Potions
 c - a potion of curing


   Skills:
 + Level 6.4 Fighting
 + Level 0.0 Short Blades
 + Level 0.0 Long Blades
 + Level 0.0 Axes
 + Level 0.0 Maces & Flails
 + Level 0.0 Polearms
 + Level 0.0 Staves
 + Level 0.0 Slings
 + Level 0.0 Bows
 + Level 0.0 Crossbows
 + Level 0.0 Throwing
 + Level 0.0 Armour
 + Level 0.0 Dodging
 + Level 0.0 Stealth
 + Level 0.0 Shields
 + Level 0.0 Unarmed Combat
 + Level 4.8 Spellcasting
 + Level 0.0 Conjurations
 + Level 0.0 Hexes
 + Level 0.0 Summonings
 + Level 0.0 Necromancy
 + Level 3.6 Translocations
 + Level 0.0 Transmutations
 + Level 0.0 Fire Magic
 + Level 0.0 Ice Magic
 + Level 5.3 Air Magic
 + Level 0.0 Earth Magic
 + Level 0.0 Poison Magic
 + Level 0.1 Invocations
 + Level 0.0 Evocations


You had 9 spell levels left.
You didn't know any spells.
Your spell library contained the following spells:

 Spells                   Type           Power      Damage    Failure   Level
 Apportation              Tloc           20%        N/A       9%          1
 Shock                    Conj/Air       32%        1d5       13%         1
 Blink                    Tloc           20%        N/A       13%         2
 Mephitic Cloud           Conj/Pois/Air  6%         N/A       50%         3
 Portal Projectile        Hex/Tloc       12%        N/A       50%         3


Dungeon Overview and Level Annotations

Branches:
Dungeon (1/15)

Altars:


Innate Abilities, Weirdness & Mutations

You have very sharp teeth.
Your uncanny sense of smell can sniff out nearby items.
Your experience applies equally to all skills.


Message History

The dart slug launches a dart at you. The slug dart hits you.
You hit the ball python but do no damage.
The ball python is moderately wounded.
The ball python bites you. The ball python grabs you.
The ball python constricts you. The ball python bites you.
The ball python constricts you.
You hit the ball python.
You kill the ball python!
You see here a ball python corpse.
You open the door. The dart slug launches a dart at you.
The slug dart hits you.
There is an open door here.
You open the door. You open the door. You open the door.
There is an open door here.
You open the door.
A frilled lizard comes into view.
The frilled lizard hisses angrily.
You open the door. The dart slug launches a dart at you.
The slug dart hits you.
* * * LOW HITPOINT WARNING * * *
You open the large door.
Found a scroll labelled FADEMN AXIEN.
The dart slug launches a dart at you. The slug dart hits you.
* * * LOW HITPOINT WARNING * * *
You open the door.
There is an open door here.
You miss the frilled lizard. You bite the frilled lizard.
You kill the frilled lizard!
The dart slug launches a dart at you. The slug dart misses you.
You see here a frilled lizard corpse.
The dart slug launches a dart at you. The slug dart hits you.
You die...

.......................#
.......w................
≈≈≈≈≈≈≈≈≈≈≈w≈≈≈≈≈≈≈≈≈...
≈≈≈≈≈≈≈≈≈≈≈≈≈≈≈≈≈≈≈≈≈...
≈≈≈≈≈≈≈≈≈≈≈≈≈≈≈≈≈≈≈≈≈...
≈#'#'#≈≈≈≈≈≈≈#'#'#≈≈≈...
≈'>†.##'###'##...'≈≈≈...
≈'...'.......'..†'≈≈≈...
≈#'###.#####.###@#≈≈≈...
≈≈≈'...#...#...#≈≈≈≈....
≈≈≈#.###...'.⌠.+≈≈≈..⌠.?
≈≈≈#.###.<.'.⌠.+≈≈≈..⌠..
≈≈≈'...#...#...#≈≈≈≈....
≈#'###.#####.#+#+#≈≈≈...
≈'.†.#.......# ≈≈≈...
≈'...##'###'## ∆ ≈≈≈...
≈#'#'#≈≈≈≈≈≈≈#


You could see a dart slug.

Vanquished Creatures
  2 ball pythons (D:1)
  A bat (D:1)
  A frilled lizard (D:1)
4 creatures vanquished.

Notes
Turn   | Place    | Note
-------+----------+-------------------------------------------
     0 | D:1      | psuckher the Gnoll Wanderer began the quest for the Orb.
     0 | D:1      | psuckher set off with the following items: a +0 club, a +0
                  | leather armour, a potion of curing; and the following
                  | spells available to memorise: Apportation, Shock, Blink,
                  | Portal Projectile, Mephitic Cloud
     0 | D:1      | Reached XP level 1. HP: 23/23 MP: 6/6
   116 | D:1      | HP: 1/23 [dart slug/slug dart (5)]
   121 | D:1      | Killed from afar by a dart slug

Illustrated notes

Levels and vault maps discovered:
D:1:      dpeg_arrival_castle, layout_rooms

Action                   || total
-------------------------++-------
Melee: Club              ||    20
       Bite              ||     2
Armor: Leather armour    ||    15
Dodge: Dodged            ||    30
Block: Buckler           ||     4
